Map: 電子叢林 - 天梯版

Players

ShoWTimE - Winner!

  • Race: Protoss Protoss
  • Spawn Location: 11:00

ButAlways

  • Race: Protoss Protoss
  • Spawn Location: 5:00

Event: 2019 WCS Summer

VOD

Have the link to the VOD?

Description

Time

  • Played on: July 12, 2019, 1:27 p.m.
  • Length: 9:07

All games in this series

Show
View Real Time Build Order
Export as new Build Order

ShoWTimE Protoss - Winner!

Build Orders:  

Get SALT Encoding   

  12  0:00  Probe  
  13  0:12  Probe  
  14  0:17  Pylon  
  14  0:24  Probe  
  15  0:32  Probe  
  15  0:36  Gateway  
  15  0:40  Probe  
  16  0:45  Assimilator  
  17  0:51  Probe  
  17  0:54  Assimilator  
  18  0:59  Probe  
  19  1:07  Probe  
  19  1:11  Gateway  
  20  1:19  Probe, Pylon  
  21  1:27  Cybernetics Core  
  21  1:31  Probe  
  22  1:38  Pylon  
  22  1:43  Probe  
  23  1:56  Probe  
  24  2:03  Stalker  
  24  2:04  Sentry, Warp Gate  
  28  2:14  Pylon  
  28  2:22  Probe  
  29  2:33  Stalker x2  
  33  2:56  Nexus  
  33  3:04  Shield Battery  
  33  3:05  Probe  
  34  3:16  Sentry x2  
  39  3:25  Shield Battery  
  39  3:26  Robotics Facility  
  38  3:37  Pylon  
  38  3:39  Shield Battery  
  38  3:49  Shield Battery  
  38  3:59  Stalker  
  39  4:03  Shield Battery  
  39  4:06  Stalker  
  39  4:07  Immortal  
  41  4:23  Sentry  
  43  4:32  Sentry  
  32  4:49  Sentry  
  32  4:51  Warp Prism  
  30  4:56  Probe  
  30  4:58  Adept  
  34  5:01  Probe  
  35  5:14  Shield Battery  
  35  5:16  Probe, Shield Battery  
  35  5:19  Sentry  
  38  5:27  Zealot  
  38  5:44  Zealot  
  38  5:48  Stalker  
  38  5:49  Immortal  
  36  6:10  Stalker  
  38  6:14  Probe  
  38  6:15  Probe  
  38  6:17  Sentry  
  42  6:27  Probe  
  42  6:28  Probe  
  42  6:29  Phoenix  
  44  6:33  Stalker  
  44  6:35  Observer  
  47  6:45  Probe  
  47  6:46  Adept  
  49  6:48  Probe  
  49  6:53  Probe  
  51  6:59  Stalker  
  51  7:00  Probe  
  55  7:02  Probe  
  56  7:12  Probe  
  56  7:14  Pylon  
  58  7:20  Probe  
  58  7:21  Stargate  
  58  7:23  Probe  
  58  7:28  Probe  
  59  7:31  Probe  
  59  7:36  Probe  
  61  7:39  Probe, Adept x2  
  67  7:46  Probe  
  67  7:48  Pylon  
  67  7:50  Probe  
  68  7:58  Probe, Pylon  
  69  7:59  Phoenix  
  69  8:04  Pylon  
  70  8:06  Probe  
  70  8:11  Probe  
  74  8:14  Sentry  
  74  8:17  Assimilator  
  74  8:18  Probe  
  77  8:20  Assimilator  
  77  8:21  Phoenix  
  77  8:23  Probe  
  77  8:26  Pylon  
  80  8:33  Adept  
  82  8:38  Shield Battery  
  82  8:50  Stalker  
  84  8:57  Stalker  
Show
View Real Time Build Order
Export as new Build Order

ButAlways Protoss 

Build Orders:  

Get SALT Encoding   

  12  0:00  Probe  
  13  0:12  Probe  
  14  0:19  Pylon  
  14  0:24  Probe  
  15  0:33  Probe  
  15  0:38  Gateway  
  15  0:41  Probe  
  17  0:50  Assimilator  
  17  0:52  Probe  
  18  0:57  Assimilator  
  18  1:04  Probe  
  19  1:11  Pylon  
  19  1:16  Probe  
  20  1:22  Gateway  
  20  1:25  Probe  
  20  1:26  Cybernetics Core  
  21  1:33  Probe  
  22  1:40  Pylon  
  22  1:43  Probe  
  23  1:52  Warp Gate  
  23  2:09  Adept x2  
  23  2:12  Robotics Facility  
  27  2:32  Gateway  
  26  2:39  Stalker x2  
  30  2:46  Pylon  
  30  2:56  Warp Prism  
  32  3:09  Stalker  
  34  3:13  Stalker  
  36  3:22  Pylon  
  36  3:44  Observer  
  37  3:52  Stalker x3  
  43  3:57  Pylon  
  43  4:19  Stalker x3  
  49  4:30  Warp Prism  
  45  4:44  Stalker  
  39  5:00  Sentry x2  
  43  5:13  Stalker  
  45  5:28  Stalker x2  
  43  5:46  Adept  
  43  5:53  Adept x2  
  31  6:14  Robotics Bay, Nexus  
  31  6:20  Immortal  
  35  6:34  Adept  
  37  6:46  Observer  
  37  6:49  Adept  
  37  6:50  Adept  
  41  7:00  Colossus  
  46  7:11  Probe  
  47  7:21  Sentry  
  49  7:23  Pylon  
  49  7:26  Probe  
  50  7:32  Stalker  
  50  7:49  Adept x2  
  54  8:00  Adept  
  54  8:14  Adept x2  
  58  8:21  Adept  
  60  8:35  Adept x3  
  60  8:40  Pylon  
  60  8:57  Stalker x2  
Tags
 
Add a new tag
Caveats
  • Supply blocks, unpowered buildings, or Contaminate may cause inaccurate times.
  • Supply counts are checked every 10 seconds.